 Dungeon Crawl Stone Soup version 0.28-a0-1412-gf95308ed99 (webtiles) character file.

Game seed: 4386799598569836336

503 siradein the Skirmisher (level 7, -5/53 HPs)
             Began as a Djinni Cinder Acolyte on Jan 6, 2022.
             Was a High Priest of Ignis.
             Slain by a mummy (13 damage)
             ... on level 4 of the Dungeon.
             The game lasted 00:08:06 (4860 turns).

siradein the Skirmisher (Djinni Cinder Acolyte)     Turns: 4860, Time: 00:08:07

Health: -5/53      AC:  4    Str: 15    XL:     7   Next: 40%
Gold:   169        EV: 12    Int: 15    God:    Ignis [*****.] SH:  0 Dex:  9

rFire   + + +      SeeInvis .   a - -1 falchion (flame)
rCold   x . .      Faith    .   (no shield)
rNeg    + . .      Spirit   .   l - +1 leather armour {rN+}
rPois   ∞          Reflect  .   (no helmet)
rElec   .          Harm     .   (no cloak)
rCorr   .          Rampage  .   (no gloves)
Will    +....                   (boots unavailable)
Stlth   +.........              (no amulet)
HPRegen 0.17/turn               h - ring of willpower
MPRegen 0.00/turn               (no ring)

@: flying, very slightly contaminated
A: sickness immunity, fire resistance 2, cold vulnerability 1, float, innate
caster, hp casting, extra vitality 1
a: Renounce Religion, Fiery Armour, Foxfire Swarm, Rising Flame


You were on level 4 of the Dungeon.
You worshipped Ignis.
Ignis was extremely pleased with you.
You visited 1 branch of the dungeon, and saw 4 of its levels.

You collected 169 gold pieces.

Inventory:

Hand Weapons
 a - a -1 falchion of flaming (weapon)
Armour
 l - a +1 leather armour of positive energy (worn)
Jewellery
 c - a +6 ring of strength
 h - a ring of willpower (left hand)
 m - an amulet of reflection
Wands
 k - a wand of flame (30)
Scrolls
 b - a scroll of torment {unknown}
 d - 3 scrolls of identify {unknown}
 f - a scroll of enchant armour {unknown}
 g - 2 scrolls of vulnerability {unknown}
 i - a scroll of noise {unknown}
Potions
 e - 3 potions of lignification {unknown}
 j - a potion of curing {unknown}


   Skills:
 + Level 4.4 Fighting
 + Level 4.0 Long Blades
 + Level 3.0 Armour
 + Level 3.1 Dodging
 + Level 3.4 Spellcasting


You had 5 spell levels left.
You knew the following spells:

 Your Spells              Type           Power      Damage    Failure   Level
a - Scorch                Fire           24%        2d6       9%          2
b - Pain                  Necr           48%        1d6       6%          1
c - Passwall              Tmut/Erth      10%        N/A       9%          2
d - Static Discharge      Conj/Air       12%        N/A       9%          2
Your spell library was empty.

Dungeon Overview and Level Annotations

Branches:
Dungeon (4/15)
 Temple: D:4-7

Altars:
Cheibriados
Dithmenos
Elyvilon
Kikubaaqudgha

Shops:
D:1 (


Innate Abilities, Weirdness & Mutations

You are immune to sickness and miasma.
You are immune to poison.
Your flesh is very heat resistant. (rF++)
You are vulnerable to cold. (rC-)
You float through the air rather than walking.
You learn spells naturally, not from books.
Your magical power is your life essence.
You have superior vitality. (+4 MHP)


Message History

You are very lightly contaminated with residual magic.
Nothing appears to happen.
The wight misses you. The wight hits you with a +1 hand axe.
Casting: Scorch (safe; 9% risk of failure)
Press: ? - help, Q - select action, (/) - cycle Dir - look around, f - activate Flames lash the wight but do no damage.
The wight hits you with a +0 mace!
A wight opens the door.
An adder zombie comes into view.
Unknown command.
The adder zombie moves out of view.
Your magical contamination has completely faded away.
You closely miss the wight. The wight hits you with a +0 mace.
You hit the wight. You burn the wight.
The wight is lightly damaged.
The wight hits you with a +0 mace.
You hit the wight. You burn the wight.
The wight is severely damaged.
The wight hits you with a +0 mace!
A wight opens the door.
A mummy comes into view.
You hit the wight. You burn the wight.
The wight is almost destroyed.
The wight barely misses you. The mummy hits you!
* * * LOW HITPOINT WARNING * * *
You hit the wight. You burn the wight.
You destroy the wight!
Your Armour skill increases to level 3!
You hit the mummy. You burn the mummy.
The mummy is moderately damaged.
The mummy barely misses you.
You barely miss the mummy.
The mummy is moderately damaged.
Casting: Scorch (safe; 9% risk of failure)
Press: ? - help, Q - select action, (/) - cycle Dir - look around, f - activate You miscast Scorch.
You are very lightly contaminated with residual magic.
Nothing appears to happen.
* * * LOW HITPOINT WARNING * * *
The mummy hits you!
You die...

#_'.'.##.....##.#
#>
###.#####...###.#
#. #.÷.'.# ##'##
#.# #. ###.### #.#
#.# ## #Z'.+ #.#
#.#### #.### ##.##
#.....
+z'.###...########
#M###......# +@+
#.#...######## ###
#.##.......... #.#
#.############
#.###.# #.....#
#######


You could see a mummy and a wight.

Vanquished Creatures
  2 necrophages (D:4)
  A scorpion (D:4)
  A wight (D:4)
  A hound (D:4)
  A human zombie (D:4)
  A bullfrog skeleton (D:4)
  Ijyb (D:4)
  A mummy (D:4)
  3 adders
  3 worms
  3 dart slugs
  4 ball pythons
  4 bats
  10 endoplasms
  5 giant cockroaches
  4 goblins
  6 hobgoblins
  3 jackals (D:1)
  11 kobolds
  A quokka (D:2)
  A frilled lizard (D:3)
  4 rats
71 creatures vanquished.

Notes
Turn   | Place    | Note
-------+----------+-------------------------------------------
     0 | D:1      | siradein the Djinni Cinder Acolyte began the quest for the
                  | Orb.
     0 | D:1      | Reached XP level 1. HP: 20/20 MP: 0/0
    62 | D:1      | Found a faded altar of an unknown god.
   196 | D:1      | Reached XP level 2. HP: 22/25 MP: 0/0
   371 | D:1      | Found Wasar's Antique Weapon Emporium.
   637 | D:1      | Reached XP level 3. HP: 25/30 MP: 0/0
   637 | D:1      | Learned a level 1 spell: Pain
   642 | D:1      | Reached skill level 1 in Dodging
  1159 | D:2      | Reached skill level 1 in Armour
  1456 | D:2      | Reached XP level 4. HP: 32/35 MP: 0/0
  2256 | D:3      | Found a shadowy altar of Dithmenos.
  2844 | D:3      | Reached XP level 5. HP: 39/40 MP: 0/0
  2844 | D:3      | Learned a level 2 spell: Passwall
  3045 | D:3      | Noticed a torpor snail
  3046 | D:3      | Found a snail-covered altar of Cheibriados.
  3056 | D:3      | Noticed a torpor snail
  3060 | D:3      | Noticed a torpor snail
  3393 | D:4      | Noticed Ijyb
  3413 | D:4      | Killed Ijyb
  3613 | D:4      | Found a white marble altar of Elyvilon.
  3765 | D:4      | Reached XP level 6. HP: 17/47 MP: 0/0
  4564 | D:4      | Noticed a necrophage
  4579 | D:4      | Killed a necrophage
  4663 | D:4      | Noticed a necrophage
  4669 | D:4      | Killed a necrophage
  4670 | D:4      | Reached XP level 7. HP: 42/52 MP: 0/0
  4670 | D:4      | Learned a level 2 spell: Static Discharge
  4860 | D:4      | Slain by a mummy

Illustrated notes

Levels and vault maps discovered:
D:1:      dpeg_arrival_more_subterranean_lakeside_camping, layout_basic,
          chequers_ecumenical_altar_island, serial_shops, shop
D:2:      layout_loops_cross
D:3:      layout_rooms, mainiacjoe_overflow_small_starburst,
          cheibriados_altar_2, roderic_serpentine_path, st_stairs_1,
          kennysheep_big_empty_room, minmay_circle_x
D:4:      layout_loops_corners, elyvilon_altar_1,
          lemuel_mausoleum_altar_kikubaaqudgha, uniq_grinder, uniq_ijyb

Skill      XL: |  1  2  3  4  5  6  7 |
---------------+----------------------+-----
Dodging        | 1 2 3 |  3.1
Armour         | 1 2 3 |  3.0
Long Blades    | 3 4 |  4.0
Spellcasting   | 3 |  3.4
Fighting       | 4 |  4.4

Action                   |  1- 3 |  4- 6 |  7- 9 || total
-------------------------+-------+-------+-------++-------
Melee: Falchion          |    79 |   192 |    23 ||   294
 Cast: Scorch            |     7 |     6 |     1 ||    14
Armor: Ring mail         |    33 |    53 |       ||    86
       Leather armour    |       |    13 |     3 ||    16
Dodge: Dodged            |    51 |    86 |     7 ||   144

Table legend: (Time is in decaauts)
 A = Elapsed time spent in this place.
 B = Non-inter-level travel time spent in this place.
 C = Inter-level travel time spent in this place.
 D = Time resting spent in this place.
 E = Time spent auto-exploring this place.
 F = Levels seen in this place.
 G = Mean time per level.
                   A        B        C        D        E       F      G
               +--------+--------+--------+--------+--------+-----+--------+
         Total |   4901 |   4822 |     79 |      7 |   4165 |   4 | 1225.2 |
       Dungeon |   4901 |   4822 |     79 |      7 |   4165 |   4 | 1225.2 |
               +--------+--------+--------+--------+--------+-----+--------+

Top non-repeatable levels by time:
     D:4: 1546 daAuts
     D:2: 1137 daAuts
     D:3: 1121 daAuts
     D:1: 1096 daAuts
